Map: [ESL] Ghost River

Players

Future - Winner!

  • Race: Terran Terran
  • Spawn Location: 1:00

Astrea

  • Race: Protoss Protoss
  • Spawn Location: 11:00

Event: ESL SC2 Masters 2024 Spring (Regional)

VOD

Have the link to the VOD?

Description

Time

  • Played on: May 2, 2024, 1:34 p.m.
  • Length: 8:53

All games in this series

Show
View Real Time Build Order
Export as new Build Order

Future Terran - Winner!

Build Orders:  

Get SALT Encoding   

  12  0:00  SCV  
  13  0:12  SCV  
  14  0:16  Supply Depot  
  14  0:24  SCV  
  15  0:38  SCV  
  15  0:39  Barracks  
  16  0:44  Refinery  
  16  0:50  SCV  
  16  0:54  Refinery  
  17  1:02  SCV  
  18  1:14  SCV  
  19  1:27  Orbital Command  
  19  1:37  Reaper  
  20  1:40  Supply Depot  
  20  1:46  Factory  
  20  1:54  SCV  
  20  1:58  Bunker  
  21  2:06  SCV  
  22  2:09  Marine  
  23  2:19  SCV  
  24  2:27  Marine  
  25  2:33  SCV  
  25  2:34  Factory Reactor  
  26  2:37  Supply Depot, Starport  
  26  2:45  SCV  
  26  2:48  Marine  
  27  2:57  SCV  
  28  3:11  Cyclone x2  
  32  3:15  SCV  
  32  3:17  Medivac  
  32  3:19  Supply Depot  
  35  3:27  SCV  
  36  3:47  SCV  
  36  3:48  Cyclone x2  
  41  3:54  Command Center  
  41  4:02  Starport Tech Lab  
  41  4:09  SCV  
  42  4:14  Supply Depot  
  42  4:21  SCV  
  43  4:43  SCV  
  44  4:51  Starport Tech Lab  
  44  4:52  Command Center  
  44  4:54  Barracks  
  44  4:55  Barracks  
  44  5:01  Siege Tank  
  44  5:02  SCV  
  48  5:10  Orbital Command  
  48  5:14  SCV  
  48  5:16  Raven  
  48  5:19  Interference Matrix  
  51  5:26  SCV, Marine  
  51  5:27  Marine  
  54  5:37  SCV  
  54  5:38  SCV  
  54  5:40  Siege Tank  
  59  5:46  Barracks Tech Lab  
  59  5:49  SCV  
  60  5:50  SCV  
  60  5:55  Marine  
  62  5:57  Marine  
  62  5:58  Marine  
  62  6:01  SCV  
  62  6:02  SCV, Supply Depot  
  62  6:03  Refinery  
  66  6:04  Refinery  
  66  6:09  Orbital Command  
  66  6:10  Stimpack  
  66  6:13  SCV  
  66  6:15  SCV, Marine x2  
  70  6:24  Marauder  
  74  6:25  Marauder  
  74  6:26  Starport Reactor  
  74  6:27  SCV  
  74  6:28  SCV  
  76  6:34  Orbital Command  
  76  6:39  SCV  
  76  6:40  SCV  
  76  6:41  Siege Tank, Combat Shield  
  76  6:42  Marine x2  
  76  6:45  Supply Depot  
  76  6:46  Marauder  
  84  6:51  Supply Depot  
  84  6:55  SCV x2  
  84  6:56  Marauder  
  84  7:00  SCV  
  89  7:04  Marine x2  
  89  7:07  SCV x2, Marauder  
  95  7:12  Medivac  
  95  7:13  Siege Tank  
  100  7:17  Marauder  
  100  7:18  Medivac  
  100  7:19  SCV x3  
  100  7:22  Supply Depot  
  107  7:24  Supply Depot  
  107  7:31  SCV x2  
  109  7:43  SCV x2, Marine x2  
  109  7:44  Marauder x2  
  117  7:45  Siege Tank, Supply Depot  
  117  7:48  Supply Depot  
  117  7:50  Medivac  
  122  7:58  Medivac  
  122  7:59  Concussive Shells  
  122  8:05  Marauder, Marine  
  125  8:07  Marine, Marauder  
  125  8:11  SCV x3  
  127  8:13  Barracks x2  
  127  8:23  Marine  
  127  8:25  SCV x2  
  127  8:26  Marine  
  133  8:27  Marauder  
  133  8:28  Marauder  
  133  8:31  Engineering Bay  
  133  8:32  Engineering Bay  
Show
View Real Time Build Order
Export as new Build Order

Astrea Protoss 

Build Orders: 1 Gate Expand 

Get SALT Encoding   

  12  0:00  Probe  
  13  0:12  Probe  
  14  0:16  Pylon  
  14  0:24  Probe (Chrono Boost)  
  16  0:36  Probe (Chrono Boost), Gateway  
  16  0:43  Probe (Chrono Boost)  
  16  0:45  Assimilator  
  17  0:51  Probe  
  18  1:03  Probe  
  19  1:15  Probe  
  20  1:22  Cybernetics Core  
  20  1:30  Nexus  
  20  1:34  Probe  
  20  1:39  Pylon  
  21  1:46  Probe  
  22  1:49  Assimilator  
  22  1:57  Stalker (Chrono Boost)  
  24  2:04  Shield Battery  
  24  2:08  Warp Gate  
  24  2:10  Probe  
  25  2:19  Shield Battery  
  25  2:31  Stalker (Chrono Boost)  
  25  2:35  Probe  
  27  2:44  Probe  
  28  2:47  Probe  
  29  2:56  Probe  
  29  2:57  Stalker (Chrono Boost)  
  32  2:59  Probe  
  32  3:08  Probe  
  32  3:11  Probe  
  33  3:16  Robotics Facility  
  33  3:20  Probe  
  33  3:23  Pylon  
  34  3:45  Probe  
  34  3:47  Probe  
  36  3:49  Shield Battery  
  35  3:57  Probe  
  35  3:58  Stalker  
  35  3:59  Probe  
  39  4:09  Probe  
  44  4:11  Probe  
  45  4:21  Probe  
  46  4:25  Immortal (Chrono Boost)  
  46  4:31  Pylon  
  45  4:41  Pylon  
  45  4:48  Pylon  
  45  4:49  Probe  
  46  4:59  Immortal (Chrono Boost), Probe  
  51  5:01  Stalker, Probe, Gateway  
  54  5:09  Gateway  
  54  5:11  Probe  
  54  5:13  Probe  
  56  5:18  Assimilator  
  56  5:21  Assimilator  
  56  5:23  Observer (Chrono Boost), Twilight Council  
  56  5:25  Probe  
  56  5:26  Probe  
  59  5:37  Shield Battery, Probe  
  59  5:38  Probe  
  61  5:49  Probe  
  61  5:50  Probe  
  61  5:56  Charge (Chrono Boost)  
  62  6:01  Probe  
  62  6:04  Pylon  
  62  6:06  Templar Archives  
  62  6:16  Pylon  
  62  6:17  Gateway  
  62  6:19  Gateway  
  62  6:20  Warp Prism (Chrono Boost)  
  62  6:22  Probe x2, Gateway  
  66  6:27  Psionic Storm  
  65  6:34  Pylon  
  65  6:41  Nexus  
  65  6:50  High Templar  
  65  6:51  High Templar  
  69  6:55  Probe x2  
  71  7:02  Shield Battery  
  71  7:04  High Templar  
  71  7:07  Probe x2  
  73  7:19  Probe  
  74  7:24  Zealot x4  
  74  7:25  Probe  
  83  7:35  Pylon  
  83  7:36  Pylon  
  84  7:40  Zealot  
  84  7:43  Pylon, Probe  
  85  7:53  Zealot x4  
  85  7:54  Probe  
  86  7:58  Probe  
  86  7:59  Zealot  
  86  8:01  Probe  
  82  8:09  Probe  
  82  8:10  Zealot  
  82  8:12  Forge  
  85  8:14  Probe  
  86  8:23  Zealot x3  
  92  8:30  Zealot x2  
  92  8:33  Probe  
  73  8:41  Zealot  
  73  8:43  Archon  
Tags
 
Add a new tag
Caveats
  • Supply blocks, unpowered buildings, or Contaminate may cause inaccurate times.
  • Supply counts are checked every 10 seconds.